 Dungeon Crawl Stone Soup version 0.23-a0-650-ga4d50d4d25 (webtiles) character file.

1368 Napalmbreeze the Chopper (level 8, -1/73 HPs)
             Began as a Deep Dwarf Fighter on Jan 4, 2019.
             Was a Follower of Makhleb.
             Killed from afar by an electric eel (8 damage)
             ... with a bolt of electricity
             ... on level 7 of the Dungeon.
             The game lasted 00:07:07 (4936 turns).

Napalmbreeze the Chopper (Deep Dwarf Fighter)       Turns: 4936, Time: 00:07:07

Health: -1/73      AC: 14    Str: 22    XL:     8   Next: 38%
Magic:  9/9        EV:  8    Int:  9    God:    Makhleb [*.....]
Gold:   295        SH: 10    Dex: 12    Spells: 7/7 levels left

rFire    . . .     SeeInvis .   a - +0 war axe
rCold    . . .     Gourm    .   c - +0 shield
rNeg     . . .     Faith    .   b - +0 scale mail
rPois    .         Spirit   .   u - +0 helmet
rElec    .         Reflect  .   l - +0 cloak
rCorr    .         Harm     .   (no gloves)
MR       +....                  y - +0 pair of boots
Stlth    ..........             (no amulet)
HPRegen  0.00/turn              r - +3 ring of protection (curse)
MPRegen  0.11/turn              (no ring)

@: non-regenerating, drained
A: damage resistance, heal wounds, sense surroundings 1, no regeneration
a: Heal Wounds, Renounce Religion


You were on level 7 of the Dungeon.
You worshipped Makhleb.
Makhleb was aware of your devotion.
You were hungry.

You visited 2 branches of the dungeon, and saw 8 of its levels.
You also visited: Sewer.

You collected 295 gold pieces.

Inventory:

Hand Weapons
 a - a +0 war axe (weapon)
Armour
 b - a +0 scale mail (worn)
 c - a +0 shield (worn)
 l - a +0 cloak (worn)
 u - a +0 helmet (worn)
 y - a +0 pair of boots (worn)
Jewellery
 g - an uncursed ring of stealth {unknown}
 r - a cursed +3 ring of protection (left hand)
Scrolls
 e - 5 scrolls of identify {unknown}
 h - a scroll of amnesia {unknown}
 i - a scroll of fear {unknown}
 j - 5 scrolls of remove curse {unknown}
 m - 4 scrolls of magic mapping {unknown}
 n - 3 scrolls of teleportation {unknown}
 s - 2 scrolls of enchant armour {unknown}
 v - a scroll of summoning {unknown}
Potions
 d - a potion of might
 k - a potion of ambrosia {unknown}
 o - 6 potions of curing {unknown}
 p - 2 potions of invisibility {unknown}
 q - a potion of lignification {unknown}
 t - a potion of mutation {unknown}
 w - 2 potions of agility {unknown}
 x - 4 potions of heal wounds {unknown}
 z - 3 potions of flight {unknown}
 A - a potion of haste {unknown}
Comestibles
 f - 10 rations


   Skills:
 + Level 4.8(4.6) Fighting
 * Level 7.2(6.9) Axes
 + Level 5.8(5.5) Armour
 + Level 5.8(5.6) Shields
 + Level 3.2(3.0) Invocations


You had 7 spell levels left.
You didn't know any spells.
Your spell library was empty.

Dungeon Overview and Level Annotations

Branches:
Dungeon (7/15)             Temple (1/1) D:5

Altars:
Ashenzari
Cheibriados
Dithmenos
Elyvilon
Fedhas
Kikubaaqudgha
Makhleb
Nemelex Xobeh
Okawaru
Qazlal
Ru
Sif Muna
Uskayaw
Vehumet
Xom
Zin

Annotations:
D:4 1 runed door


Innate Abilities, Weirdness & Mutations

You are resistant to damage.
You can heal yourself by infusing magical energy.
You passively map a small area around you.
You do not regenerate.


Message History

The electric eel is almost dead.
You closely miss the electric eel.
The electric eel shoots out a bolt of lightning at you!
The bolt of electricity hits you!
* * * LOW HITPOINT WARNING * * *
The bolt of electricity hits you!
* * * LOW HITPOINT WARNING * * *
The electric eel shoots out a bolt of lightning at you!
The bolt of electricity hits you!
* * * LOW HITPOINT WARNING * * *
The bolt of electricity hits you!
* * * LOW HITPOINT WARNING * * *
The bolt of electricity hits the electric eel.
The electric eel completely resists.
Unknown command.
Unknown command.
You fail to use your ability.
The electric eel shoots out a bolt of lightning at you!
The bolt of electricity hits you!
You die...

#, ,# *%# , , ,
#...#.###.# *
.......<..# ,
..######.## , ,* #.#
* * #.#####
#.....### * ,
*###.###...##
*#≈;@≈≈#....# *
#.≈≈≈≈;≈#.##.## *, ,
, , #≈≈≈≈≈w≈≈≈≈≈#..#
, .##≈≈#≈$.#≈≈≈≈≈#.#
* ,
#.≈≈≈≈≈..)≈≈≈≈#.##**
, , #≈≈≈≈≈≈[.≈≈≈≈≈≈≈
, , ,
≈≈≈≈≈#≈≈♣≈≈≈≈≈≈≈≈ *
** ,≈#≈≈≈≈≈♣..≈≈≈≈≈≈
, * .≈≈≈≈≈≈.<.≈≈≈≈≈≈
*


You could see 2 electric eels and a dart slug.

Vanquished Creatures
  2 phantoms
  A sky beast (D:6)
  A necrophage (D:6)
  A centaur (D:6)
  A big kobold (Sewer)
  A wyvern skeleton (D:6)
  3 wights (D:6)
  An electric eel (D:7)
  A centaur zombie (D:2)
  2 crimson imps
  A jelly (D:5)
  An orc wizard (D:4)
  2 orc priests (D:3)
  A bullfrog skeleton (D:4)
  An iguana (D:4)
  Terence (D:2)
  Natasha (thrice) (D:2)
  A worker ant (D:4)
  A gnoll (D:1)
  7 adders
  2 river rats (Sewer)
  4 oozes
  An adder zombie (D:5)
  An adder skeleton (D:5)
  3 worms
  7 dart slugs
  4 leopard geckos
  16 orcs
  A ball python (D:4)
  5 giant cockroaches
  3 goblins
  9 hobgoblins
  10 jackals
  2 quokkas
  5 bats
  5 frilled lizards
  A jackal skeleton (D:4)
  9 kobolds
  A leopard gecko skeleton (D:4)
  A quokka skeleton (D:4)
  12 rats
135 creatures vanquished.

Vanquished Creatures (others)
  A human (D:3)
  A dart slug (D:7)
2 creatures vanquished.

Grand Total: 137 creatures vanquished

Notes
Turn   | Place    | Note
-------+----------+-------------------------------------------
     0 | D:1      | Napalmbreeze the Deep Dwarf Fighter began the quest for the
                  | Orb.
     0 | D:1      | Reached XP level 1. HP: 20/20 MP: 1/1
    77 | D:1      | Reached XP level 2. HP: 25/27 MP: 2/2
   215 | D:1      | Reached skill level 3 in Axes
   215 | D:1      | Reached XP level 3. HP: 21/33 MP: 3/3
   734 | D:2      | Found a deep blue altar of Sif Muna.
   765 | D:2      | Found a shattered altar of Ashenzari.
   782 | D:2      | Reached XP level 4. HP: 23/42 MP: 4/4
   832 | D:2      | Noticed Terence
   935 | D:2      | Killed Terence
  1059 | D:2      | Reached skill level 4 in Axes
  1254 | D:2      | Noticed Natasha
  1264 | D:2      | Killed Natasha
  1264 | D:2      | Reached XP level 5. HP: 32/49 MP: 5/5
  1350 | D:2      | Found an iron altar of Okawaru.
  1426 | D:2      | Found a deep blue altar of Sif Muna.
  1427 | D:2      | Noticed Natasha
  1437 | D:2      | Killed Natasha
  1459 | D:2      | Found a shattered altar of Ashenzari.
  1637 | D:2      | Noticed Natasha
  1643 | D:2      | Killed Natasha
  1808 | D:3      | Found a snail-covered altar of Cheibriados.
  1823 | D:3      | Found an ancient bone altar of Kikubaaqudgha.
  1824 | D:3      | Noticed a human
  1826 | D:3      | Killed a human
  2000 | D:3      | Reached XP level 6. HP: 36/57 MP: 5/5
  2250 | D:3      | Reached skill level 5 in Axes
  2698 | D:4      | Reached XP level 7. HP: 44/64 MP: 6/6
  2734 | D:4      | Found a glowing silver altar of Zin.
  2746 | D:4      | Found a runed door.
  2746 | D:4      | Noticed an angel
  2825 | D:4      | Found an ancient bone altar of Kikubaaqudgha.
  2887 | D:4      | Found a shadowy altar of Dithmenos.
  2965 | D:4      | Reached skill level 5 in Armour
  2965 | D:4      | Reached skill level 5 in Shields
  3266 | D:5      | Entered Level 5 of the Dungeon
  3303 | D:5      | Found a shimmering altar of Xom.
  3340 | D:5      | Found a staircase to the Ecumenical Temple.
  3350 | Temple   | Entered the Ecumenical Temple
  3386 | Temple   | Became a worshipper of Makhleb the Destroyer
  3554 | D:5      | Found a sacrificial altar of Ru.
  3701 | D:5      | Found a glowing drain.
  3717 | Sewer    | Entered a sewer
  3801 | Sewer    | Reached skill level 6 in Axes
  3801 | Sewer    | Reached skill level 1 in Invocations
  3817 | Sewer    | Found a white marble altar of Elyvilon.
  4257 | D:6      | Reached XP level 8. HP: 42/73 MP: 8/8
  4384 | D:6      | Found a sparkling altar of Nemelex Xobeh.
  4565 | D:6      | Reached * piety under Makhleb
  4565 | D:6      | Reached skill level 7 in Axes
  4927 | D:7      | HP: 1/73 [electric eel/bolt of electricity (6)]
  4936 | D:7      | Killed from afar by an electric eel

Vault maps used:
D:1:      psy_arrival_wood_between_worlds
D:2:      nicolae_overflow_hidden_temple, old_standard_altar,
          nicolae_overflow_crystal_walls, first_ration, uniq_terence,
          uniq_natasha
D:3:      cheibriados_altar_1, tgw_kikubaaqudgha
D:4:      lemuel_crystal_altar, lemuel_doored_altar, lemuel_angel_altar
D:5:      marbit_many_paths, nicolae_ru_sacrificial_ziggurat, temple_statues,
          portal_sewer_entry_d
D:6:      kennysheep_mini_moat
D:7:      kennysheep_slugbush, kennysheep_little_box, lemuel_crystal_altar,
          serial_shops, shop, nicolae_shop_window_shopping, shop
Temple:   jpeg_temple_island
Sewer:    sewer_kobolds

Skill      XL: |  1  2  3  4  5  6  7  8 |
---------------+-------------------------+-----
Axes           | 3 4 5 6 7 |  7.2
Fighting       | 3 4 |  4.8
Armour         | 4 5 |  5.8
Shields        | 4 5 |  5.8
Invocations    | 2 3 |  3.2

Action                   |  1- 3 |  4- 6 |  7- 9 || total
-------------------------+-------+-------+-------++-------
Melee: War axe           |    96 |   229 |   191 ||   516
       Unarmed           |       |     5 |       ||     5
 Abil: Heal Wounds       |       |     4 |     8 ||    12
  Eat: Chunk             |       |     6 |     4 ||    10
       Ration            |       |       |     1 ||     1
Armor: Scale mail        |    52 |   100 |    75 ||   227
Dodge: Dodged            |    36 |    61 |    63 ||   160
Block: Shield            |    66 |   114 |    88 ||   268

Table legend:
 A = Non-vault XP
 B = Vault XP
 C = Vault XP percentage of total XP
 D = Non-vault monster count
 E = Vault monster count
 F = Vault count percentage of total count
                 A         B        C        D         E       F
            +---------+---------+-------+---------+---------+-------
      Total |    1710 |     245 |  12.5 |     117 |      18 |  13.3
            +---------+---------+-------+---------+---------+-------
        D:1 |      65 |       0 |   0.0 |      26 |       0 |   0.0
        D:2 |     164 |      74 |  31.1 |      20 |       2 |   9.1
        D:3 |     246 |       0 |   0.0 |      38 |       0 |   0.0
        D:4 |     312 |       0 |   0.0 |      16 |       0 |   0.0
        D:5 |      60 |      19 |  24.1 |       3 |       2 |  40.0
        D:6 |     808 |       0 |   0.0 |      13 |       0 |   0.0
        D:7 |      55 |      12 |  17.9 |       1 |       3 |  75.0
      Sewer |       0 |     140 | 100.0 |       0 |      11 | 100.0
            +---------+---------+-------+---------+---------+-------
